 Dungeon Crawl Stone Soup version 0.20.1-1-g8b1a95d (webtiles) character file.

2888 letownia2 the Reanimator (level 9, -6/75 HPs)
             Began as a Deep Dwarf Necromancer on Nov 27, 2017.
             Was an Initiate of Gozag.
             Killed from afar by a hell hound (18 damage)
             ... with a blast of flame
             ... on level 8 of the Dungeon.
             The game lasted 00:17:14 (7036 turns).

letownia2 the Reanimator (Deep Dwarf Necromancer)   Turns: 7036, Time: 00:17:15

Health: -6/75      AC:  6    Str: 14    XL:     9   Next: 48%
Magic:  14/21      EV: 11    Int: 17    God:    Gozag
Gold:   785        SH:  4    Dex: 13    Spells: 15/24 levels left

rFire    . . .     SeeInvis +   a - +0 spear (venom)
rCold    . . .     Gourm    .   (no shield)
rNeg     . . .     Faith    .   P - +0 ring mail
rPois    .         Spirit   .   (no helmet)
rElec    .         Reflect  +   (no cloak)
rCorr    .         Harm     .   B - +0 pair of gloves
MR       +....                  (no boots)
Stlth    +.........             g - +4 amulet of reflection
Regen    0.0/turn               y - ring of see invisible
MPRegen  0.2/turn               (no ring)

@: non-regenerating
A: damage resistance, heal wounds, sense surroundings 2, no regeneration
a: Heal Wounds, Potion Petition, Call Merchant, Bribe Branch, Renounce Religion


You were on level 8 of the Dungeon.
You worshipped Gozag.
Gozag was pleased with you.
You were full.

You visited 2 branches of the dungeon, and saw 9 of its levels.
You also visited: Sewer.

You collected 877 gold pieces.
You paid 92 gold pieces to Gozag.

Inventory:

Hand Weapons
 a - a +0 spear of venom (weapon)
 b - a +1 dagger of freezing
 i - a +0 dagger of venom
 u - a cursed -2 trident
 v - a cursed -1 hand crossbow
 x - a +0 blowgun
 J - a +1 halberd of chopping
 K - a +0 war axe
Missiles
 t - 56 poisoned needles
 w - 68 bolts
 I - 2 throwing nets (quivered)
Armour
 f - a +0 leather armour
 B - a +0 pair of gloves (worn)
 P - a +0 ring mail (worn)
Jewellery
 g - a +4 amulet of reflection (around neck)
 k - an uncursed amulet of magic regeneration
 y - a ring of see invisible (left hand)
Wands
 M - a wand of iceblast (6/15)
 Q - a wand of digging (14/24)
Scrolls
 e - 2 scrolls of teleportation {unknown}
 l - a scroll of recharging {unknown}
 m - 3 scrolls of enchant armour {unknown}
 p - 2 scrolls of amnesia {unknown}
 s - 2 scrolls of fog {unknown}
 E - 3 scrolls of remove curse
 F - 2 scrolls of blinking {unknown}
 G - 6 scrolls of identify {unknown}
 R - 2 scrolls of immolation {unknown}
Potions
 d - a potion of magic {unknown}
 j - 2 potions of resistance {unknown}
 n - 5 potions of curing {unknown}
 o - a potion of brilliance {unknown}
 q - 3 potions of might {unknown}
 r - 2 potions of heal wounds {unknown}
 z - a potion of flight {unknown}
 A - 3 potions of agility {unknown}
 C - a potion of cancellation {unknown}
 D - 2 potions of lignification {unknown}
 L - 2 potions of haste {unknown}
Comestibles
 H - 6 meat rations
 O - a royal jelly


   Skills:
 - Level 3.0 Fighting
 - Level 2.1 Dodging
 - Level 2.4 Stealth
 + Level 8.1 Spellcasting
 - Level 10.3 Necromancy


You had 15 spell levels left.
You knew the following spells:

 Your Spells              Type           Power        Failure   Level  Hunger
a - Pain                  Necr           ####         1%          1    None
e - Mephitic Cloud        Conj/Pois/Air  #.......     54%         3    #......
p - Poisonous Vapours     Pois/Air       #.....       32%         2    None
v - Vampiric Draining     Necr           #####.....   1%          3    #......


Dungeon Overview and Level Annotations

Branches:
Dungeon (8/15)             Temple (1/1) D:6            Lair (0/6) D:8

Altars:
Gozag
Kikubaaqudgha
Makhleb
Ru
Vehumet
Xom
Zin
The Shining One

Annotations:
D:3 ceb's ghost, amateur DsVM
D:6 Lanoc's ghost, novice DsCK


Innate Abilities, Weirdness & Mutations

You are resistant to damage.
You can heal yourself by infusing magical energy.
You passively map the area around you.
You do not regenerate.


Message History

* * * LOW HITPOINT WARNING * * *
You hit the hell hound.
The hell hound is poisoned.
The hell hound is heavily wounded.
The hell hound closely misses you. The hell hound bites you.
* * * LOW HITPOINT WARNING * * *
You hit the hell hound.
The hell hound is severely wounded.
The hell hound closely misses you.
You closely miss the hell hound.
The hell hound is severely wounded.
The hell hound misses you. The hell hound bites you.
* * * LOW HITPOINT WARNING * * *
You hit the hell hound.
The hell hound looks as sick as possible!
The hell hound is severely wounded.
The hell hound bites you but does no damage.
The hell hound breathes flames at you. The blast of flame hits you!
You die...
Your body crumbles into a pile of gold.

........######.#.....#
.......+..# #.#.....#
.......##.# #.#.....#
.......*#.####'#.....###
*
#########...............,
#...........##'#####, *
#.###.............. * ,>
#..........#.#### * **
#.......h@.#<..* , ,
,##......$..# #.# * *
#........## * # ******* ,
#........# , * *
##.......# ** * * , * *,,
.......... * ,,
,.#######...., *
.#§§§§§#..... * * ,
#§...§#..... *


You could see a hell hound.

Vanquished Creatures
  A two-headed ogre (D:5)
  Grinder (D:6)
  A hell hound (D:8)
  4 ice beasts
  2 orc warriors
  3 ogres
  A big kobold (Sewer)
  3 bullfrogs (D:8)
  2 scorpions (D:7)
  2 howler monkeys
  2 crimson imps (D:7)
  A bullfrog zombie (D:6)
  A quasit (D:6)
  4 hounds
  An orc priest (D:8)
  2 orc wizards
  A worker ant (D:5)
  2 howler monkey zombies
  8 adders
  12 gnolls
  2 shadow imps
  2 oozes (Sewer)
  4 worms
  3 dart slugs
  2 leopard geckos
  18 orcs
  12 bats
  8 giant cockroaches
  7 goblins
  2 hobgoblins
  10 jackals
  4 quokkas
  A ball python (Sewer)
  4 frilled lizards
  A jackal skeleton (D:5)
  22 kobolds
  A quokka skeleton (D:7)
  9 rats
166 creatures vanquished.

Vanquished Creatures (others)
  A kobold (Sewer)
1 creature vanquished.

Grand Total: 167 creatures vanquished

Notes
Turn   | Place    | Note
-------+----------+-------------------------------------------
     0 | D:1      | letownia2 the Deep Dwarf Necromancer began the quest for the Orb.
     0 | D:1      | Reached XP level 1. HP: 15/15 MP: 3/3
   195 | D:2      | Reached XP level 2. HP: 22/22 MP: 1/5
   269 | D:3      | Noticed ceb's ghost (amateur DsVM)
   293 | D:2      | Reached skill level 5 in Necromancy
   293 | D:2      | Reached XP level 3. HP: 22/28 MP: 1/6
   373 | D:2      | Learned a level 3 spell: Vampiric Draining
   798 | D:4      | You fall through a shaft!
   798 | D:5      | Entered Level 5 of the Dungeon
   846 | D:5      | Noticed a two-headed ogre
   990 | D:4      | Reached XP level 4. HP: 30/36 MP: 6/8
  1069 | D:4      | Found a glowing drain.
  1114 | Sewer    | Entered a sewer
  1415 | Sewer    | Noticed a big kobold
  1433 | Sewer    | Killed a big kobold
  1433 | Sewer    | Reached skill level 6 in Necromancy
  1433 | Sewer    | Reached XP level 5. HP: 28/42 MP: 3/10
  1799 | D:4      | Reached XP level 6. HP: 45/49 MP: 6/11
  2211 | D:5      | Noticed an ice beast
  2260 | D:5      | Killed an ice beast
  2260 | D:5      | Reached skill level 7 in Necromancy
  2355 | D:5      | Reached XP level 7. HP: 47/55 MP: 7/13
  2437 | D:5      | Killed a two-headed ogre
  2437 | D:5      | Reached skill level 10 in Necromancy
  2437 | D:5      | Reached XP level 8. HP: 51/62 MP: 6/14
  2925 | D:5      | Reached skill level 1 in Fighting
  3254 | D:6      | Noticed Grinder
  3284 | D:6      | Paralysed by Grinder for 5 turns
  3299 | D:6      | Killed Grinder
  3299 | D:6      | Reached skill level 5 in Spellcasting
  3343 | D:6      | Noticed Lanoc's ghost (novice DsCK)
  3574 | D:6      | Found a staircase to the Ecumenical Temple.
  3579 | Temple   | Entered the Ecumenical Temple
  3601 | Temple   | Became a worshipper of Gozag Ym Sagoz the Greedy
  5909 | D:4      | Learned a level 3 spell: Mephitic Cloud
  5912 | D:4      | Learned a level 2 spell: Poisonous Vapours
  6296 | D:7      | Gained mutation: You passively map the area around you. [Deep Dwarf growth]
  6296 | D:7      | Reached XP level 9. HP: 29/75 MP: 5/18
  6988 | D:8      | Found a staircase to the Lair.
  7036 | D:8      | Killed from afar by a hell hound

Skill      XL: |  1  2  3  4  5  6  7  8  9 |
---------------+----------------------------+-----
Spellcasting   | 2 3 4 6 8 |  8.1
Necromancy     | 5 6 7 10 | 10.3
Fighting       | 3 |  3.0
Dodging        | |  2.1
Stealth        | |  2.4

Action                   |  1- 3 |  4- 6 |  7- 9 || total
-------------------------+-------+-------+-------++-------
Melee: Dagger            |    21 |    59 |    98 ||   178
       Spear             |       |       |   162 ||   162
 Cast: Pain              |    23 |    62 |    99 ||   184
       Vampiric Draining |     4 |    14 |    55 ||    73
  Use: Scroll            |       |       |     1 ||     1
 Stab: Sleeping          |     1 |       |     1 ||     2
  Eat: Chunk             |       |     6 |     6 ||    12
       Bread ration      |       |       |     3 ||     3
       Fruit             |       |       |     4 ||     4
Armor: Robe              |     6 |       |       ||     6
       Leather armour    |    11 |    12 |    37 ||    60
       Ring mail         |       |       |    50 ||    50
Dodge: Dodged            |    49 |    55 |   153 ||   257
Block: Other             |     5 |    19 |    57 ||    81
       Reflection        |       |     6 |     4 ||    10
